 Dungeon Crawl Stone Soup version 0.32-a0-699-g1ee5eff69a (webtiles) character file.

Game seed: 5071533145428000364

4 croobank the Changeling (level 1, -1/16 HPs)
             Began as a Demigod Shapeshifter on Mar 13, 2024.
             Hit by a javelin thrown by a hobgoblin (5 damage)
             ... on level 1 of the Dungeon.
             The game lasted 00:00:41 (323 turns).

croobank the Changeling (Demigod Shapeshifter)       Turns: 323, Time: 00:00:42

Health: -1/16      AC:  2    Str: 15    XL:     1   Next: 46%
Magic:  3/3        EV: 11    Int: 12    God:
Gold:   16         SH:  0    Dex: 13    Spells: 0/0 levels left

rFire   . .          .
                       - Unarmed
rCold   . . .        (no shield)
rNeg    . . .        a - +0 animal skin
rPois   .            (helmet currently unavailable)
rElec   .            (cloak currently unavailable)
rCorr   .            (gloves currently unavailable)
SInv    .            (boots currently unavailable)
Will    .....        (no amulet)
Stlth   +            (no ring)
HPRegen 0.22/turn    (no ring)
MPRegen 0.08/turn

%: no passive effects
@: beast-form
A: beast (slay +1), high MP 1, forlorn, divine attributes
a: Begin Untransformation


You were on level 1 of the Dungeon.
You were a hulking beast.
You visited 1 branch of the dungeon, and saw 1 of its levels.

You collected 16 gold pieces.

Inventory:

Hand Weapons
 g - a +0 dagger
Armour
 a - a +0 animal skin (worn)
Talismans
 c - a beast talisman (active)
 d - a flux talisman
Scrolls
 f - 2 scrolls of noise {unknown}
Potions
 b - a potion of lignification
 e - a potion of berserk rage {unknown}


   Skills:
 + Level 1.0 Fighting
 + Level 1.9 Dodging
 + Level 2.7 Unarmed Combat
 + Level 2.7 Shapeshifting


You couldn't memorise any spells.
You didn't know any spells.
Your spell library was empty.

Dungeon Overview and Level Annotations

Branches:
Dungeon (1/15)


Innate Abilities, Weirdness & Mutations

You are a hulking beast.
Your limbs bulge with bestial killing power. (Slay +1)
You have an increased reservoir of magic. (+10% MP)
You shall have no god before yourself.
Your divine heritage dramatically boosts your attributes as you level up.


Message History

The goblin shouts!
You hear a shout! x2
A goblin comes into view. It is wielding a +0 dagger.
The goblin shouts!
You hear a loud squeak.
A rat comes into view.
The goblin hits you but does no damage.
You barely miss the goblin. The goblin hits you but does no damage.
You hit the goblin.
You kill the goblin!
Your Fighting skill increases to level 1!
You see here a +0 dagger.
Found a stone staircase leading down.
You barely miss the rat. The rat misses you.
You barely miss the rat. The goblin closely misses you.
The rat closely misses you.
You hit the rat but do no damage. The goblin misses you. The rat bites you.
You hit the rat.
You kill the rat!
The goblin closely misses you.
You barely miss the goblin. The goblin hits you with a +0 club.
You hit the goblin.
You kill the goblin!
Things that are here:
a +0 club; a goblin corpse You see here a +0 dagger.
g - a +0 dagger A hobgoblin comes into view.
A goblin comes into view. It is wielding a +0 club.
The goblin shouts!
A quokka comes into view.
You see here a scroll labelled DIECUSTR OVUC.
f - 2 scrolls labelled DIECUSTR OVUC (gained 1)
The hobgoblin shouts!
You hear an angry hiss.
A quokka comes into view. x2
The hobgoblin throws a javelin.
The javelin pierces through you!
Ouch! That really hurt!
The goblin attacks as it pursues you! The goblin hits you but does no damage.
The goblin hits you with a +0 club.
* * * LOW HITPOINT WARNING * * *
The hobgoblin throws a javelin.
The javelin pierces through you.
You die...

#.......... #..........
#.......... ###########
#.......... #.......#.#
#..#....... #.........#
####.##....... ####>...#.#
#...).........
≈≈≈#...##.######.............
..≈#............h.....###..##
♣.≈#####..######...(..# >#
♣♣≈# #.....#####r.g...#
♣.♣###............g...#
..~.......#...##......#
P.♣#..##.####...r.....##.#.#
PP≈#####.# #####.#.........
P.≈# #^# #.....#...##... ≈≈≈#
#.# #....l.#..# #


You could see 2 quokkas, a hobgoblin and a goblin.

Vanquished Creatures
  3 goblins (D:1)
  A rat (D:1)
4 creatures vanquished.

Notes
Turn   | Place    | Note
-------+----------+-------------------------------------------
     0 | D:1      | croobank the Demigod Shapeshifter began the quest for the
                  | Orb.
     0 | D:1      | Reached XP level 1. HP: 15/15 MP: 3/3
   293 | D:1      | Reached skill level 1 in Fighting
   323 | D:1      | Hit by a javelin thrown by a hobgoblin

Illustrated notes

Levels and vault maps discovered:
D:1:      ldierk_walled_garden, layout_rooms, minivault_26,
          kennysheep_nondescript, minmay_misc_feat_square

Skill      XL: |  1 |
---------------+----+-----
Fighting       | 1 |  1.0
Dodging        | |  1.9
Unarmed Combat | |  2.7
Shapeshifting  | |  2.7

Action                     || total
---------------------------++-------
  Melee: Unarmed           ||   183
         Punch             ||    14
 Armour: Animal skin       ||    11
  Dodge: Dodged            ||     5

Table legend: (Time is in decaauts)
 A = Elapsed time spent in this place.
 B = Non-inter-level travel time spent in this place.
 C = Inter-level travel time spent in this place.
 D = Time resting spent in this place.
 E = Time spent auto-exploring this place.
 F = Levels seen in this place.
 G = Mean time per level.
                   A        B        C        D        E       F      G
               +--------+--------+--------+--------+--------+-----+--------+
         Total |    315 |    315 |      0 |      0 |     85 |   1 |  315.0 |
       Dungeon |    315 |    315 |      0 |      0 |     85 |   1 |  315.0 |
               +--------+--------+--------+--------+--------+-----+--------+

Top non-repeatable levels by time:
     D:1: 315 daAuts
